 Dungeon Crawl Stone Soup version 0.19.5 (webtiles) character file.

78 Leszczynek the Cudgeler (level 4, -1/45 HPs)
             Began as an Ogre Summoner on May 6, 2017.
             Killed from afar by an orc wizard (5 damage)
             ... with a puff of flame
             ... on level 3 of the Dungeon.
             The game lasted 00:10:39 (1620 turns).

Leszczynek the Cudgeler (Ogre Summoner)             Turns: 1620, Time: 00:10:40

Health: -1/45      AC:  6    Str: 13    XL:     4   Next: 36%
Magic:  5/7        EV: 10    Int: 14    God:
Gold:   118        SH:  0    Dex: 13    Spells: 2 memorised, 4 levels left

rFire  . . .     SeeInvis .     q - -1 mace (curse)
rCold  . . .     Gourm    .     k - +0 robe
rNeg   . . .     Faith    .     (no shield)
rPois  .         Spirit   .     (helmet restricted)
rElec  .         Reflect  .     m - +0 cloak
rCorr  .         Harm     .     (gloves unavailable)
MR     .....                    (boots unavailable)
Stlth  ++........               (no amulet)
                                (no ring)
                                (no ring)

@: exhausted, slowed, very slow
A: unfitting armour, thin metallic scales 1, agile 1, tough skin 1
a: no special abilities


You were on level 3 of the Dungeon.
You were not hungry.

You visited 1 branch of the dungeon, and saw 3 of its levels.

You collected 118 gold pieces.

Inventory:

Hand Weapons
 a - a +0 spear
 c - a +0 dagger
 e - a +0 club
 q - a cursed -1 mace (weapon)
Armour
 k - a +0 robe (worn)
 m - a +0 cloak (worn)
Scrolls
 n - 2 scrolls of identify {@r1}
Books
 b - a book of Callings

   Spells                             Type                      Level
   a - Summon Small Mammal            Summoning                    1
   b - Call Imp                       Summoning                    2
   c - Call Canine Familiar           Summoning                    3
   d - Summon Guardian Golem          Hexes/Summoning              3
   e - Summon Lightning Spire         Summoning/Air                4
   f - Summon Ice Beast               Ice/Summoning                4
Comestibles
 d - 2 bread rations
 f - 3 chunks of flesh
 l - a slice of pizza
 p - a meat ration


   Skills:
 - Level 3.0 Fighting
 * Level 3.9 Maces & Flails
 - Level 1.7 Dodging
 - Level 1.4 Stealth
 - Level 2.4 Spellcasting
 - Level 2.9 Summonings


You had 4 spell levels left.
You knew the following spells:

 Your Spells              Type           Power        Failure   Level  Hunger
a - Summon Small Mammal   Summ           ##..         10%         1    #......
b - Call Imp              Summ           ##......     12%         2    ###....


Dungeon Overview and Level Annotations

Branches:
Dungeon (3/15)

Altars:
Gozag
Nemelex Xobeh


Innate Abilities, Weirdness & Mutations

You are too large for most types of armour.
You have tough skin. (AC +1)
You are partially covered in thin metallic scales. (AC +2)
You are agile. (Dex +2)


Message History

You hit something.
Your crimson imp hits the orc but does no damage.
Something hits you.
* * * LOW HITPOINT WARNING * * *
Something freezes you.
* * * LOW HITPOINT WARNING * * *
The goblin hits you but does no damage. The orc barely misses you.
Your crimson imp hits the orc but does no damage.
Something hits you but does no damage. The goblin closely misses you.
You hit something but do no damage.
Your crimson imp hits the orc.
The orc hits you but does no damage. Something hits you.
* * * LOW HITPOINT WARNING * * *
Something freezes you.
* * * LOW HITPOINT WARNING * * *
The goblin barely misses you.
Your crimson imp hits the orc but does no damage.
You hear some strange, mumbled words.
A puff of flame appears from out of thin air!
The puff of flame hits you!
You die...

######## ### #....#.#
oo ###.#..#.# o.
#....g@#.# .##
#.#.){o#.# ...###
#.#.#5##.#####......
###.#.#.##.##.).......
#............o†....#
#.#[.....o............
#.#....##..####..###..
#.#.#..##o<# ..#
#.###..##..####..#


You could see an orc, a goblin and a friendly crimson imp.

Vanquished Creatures
  An adder (D:2)
  A gnoll (D:2)
  2 dart slugs (D:1)
  3 orcs
  3 giant cockroaches
  5 goblins
  4 hobgoblins
  A jackal (D:1)
  2 kobolds (D:2)
  2 ball pythons
  A bat (D:1)
  3 rats
28 creatures vanquished.

Vanquished Creatures (collateral kills)
  2 adders (D:2)
  A leopard gecko (D:2)
  An orc (D:3)
  A bat (D:1)
  A giant cockroach (D:1)
  4 goblins
  8 hobgoblins
  A jackal (D:1)
  4 kobolds
  A quokka (D:2)
  3 rats
27 creatures vanquished.

Grand Total: 55 creatures vanquished

Notes
Turn   | Place    | Note
-------+----------+-------------------------------------------
     0 | D:1      | Leszczynek the Ogre Summoner began the quest for the Orb.
     0 | D:1      | Reached XP level 1. HP: 16/16 MP: 3/3
    75 | D:1      | Reached skill level 1 in Fighting
   106 | D:1      | Reached skill level 2 in Fighting
   106 | D:1      | Reached XP level 2. HP: 25/28 MP: 0/5
   191 | D:1      | Learned a level 2 spell: Call Imp
   438 | D:1      | hobgoblin with a plate armor
   438 | D:1      | right
   551 | D:1      | Reached skill level 3 in Fighting
   692 | D:2      | Reached skill level 1 in Maces & Flails
   692 | D:2      | Reached XP level 3. HP: 36/37 MP: 1/6
   715 | D:2      | Found a sparkling altar of Nemelex Xobeh.
   716 | D:2      | Found an opulent altar of Gozag.
   937 | D:2      | Reached skill level 2 in Maces & Flails
   942 | D:2      | Found a faded altar of an unknown god.
  1267 | D:2      | """"""""12"""""""%
  1267 | D:2      | more like 40
  1271 | D:2      | Reached skill level 3 in Maces & Flails
  1295 | D:2      | Gained mutation: You are frail. (-10% HP) [potion of mutation]
  1295 | D:2      | Gained mutation: You are partially covered in thin metallic scales. (AC +2) [potion of mutation]
  1296 | D:2      | Lost mutation: You are frail. (-10% HP) [potion of mutation]
  1296 | D:2      | Gained mutation: You are agile. (Dex +2) [potion of mutation]
  1327 | D:2      | Reached XP level 4. HP: 38/45 MP: 7/7
  1618 | D:3      | HP: 9/45 [orc/mace (7)]
  1620 | D:3      | HP: 4/45 [something (1)]
  1620 | D:3      | Killed from afar by an orc wizard

Skill      XL: |  1  2  3 |
---------------+----------+-----
Fighting       | 2 3 |  3.0
Maces & Flails | 1 3 |  3.9
Dodging        | |  1.7
Stealth        | |  1.4
Spellcasting   | |  2.4
Summonings     | |  2.9

Action                   |  1- 3 |  4- 6 || total
-------------------------+-------+-------++-------
Melee: Dagger            |    69 |       ||    69
       Unarmed           |     5 |       ||     5
       Spear             |    53 |       ||    53
       Mace              |    11 |    54 ||    65
 Cast: Summon Small Mamm |     7 |       ||     7
       Call Imp          |    22 |     8 ||    30
  Use: Potion            |     3 |     1 ||     4
       Scroll            |     4 |       ||     4
 Stab: Sleeping          |     1 |     1 ||     2
       Distracted        |     1 |       ||     1
  Eat: Chunk             |     4 |     1 ||     5
Armor: Robe              |    42 |    27 ||    69
Dodge: Dodged            |    80 |    30 ||   110
